Map: [ESL] Dynasty

Players

Future - Winner!

  • Race: Terran Terran
  • Spawn Location: 7:00

Astrea

  • Race: Protoss Protoss
  • Spawn Location: 1:00

Event: ESL SC2 Masters 2024 Spring (Regional)

VOD

Have the link to the VOD?

Description

Time

  • Played on: May 2, 2024, 1:23 p.m.
  • Length: 6:52

All games in this series

Show
View Real Time Build Order
Export as new Build Order

Future Terran - Winner!

Build Orders: 1/1/1, Cyclone Opening 

Get SALT Encoding   

  12  0:00  SCV  
  13  0:12  SCV  
  14  0:17  Supply Depot  
  14  0:24  SCV  
  15  0:39  SCV  
  15  0:40  Barracks  
  16  0:45  Refinery  
  16  0:51  SCV  
  16  0:55  Refinery  
  17  1:03  SCV  
  18  1:15  SCV  
  19  1:27  Orbital Command, Reaper  
  20  1:40  Supply Depot  
  20  1:44  Factory  
  20  1:53  SCV  
  21  1:59  Barracks Reactor  
  21  2:05  SCV  
  21  2:08  Supply Depot  
  22  2:17  SCV  
  23  2:28  Cyclone  
  23  2:29  Starport  
  25  2:30  SCV  
  25  2:36  Marine x2  
  28  2:54  Marine x2  
  28  2:57  Supply Depot  
  30  3:00  Cyclone  
  32  3:06  Medivac  
  32  3:12  Marine x2  
  36  3:20  Supply Depot  
  36  3:30  Marine x2  
  36  3:32  Factory Tech Lab  
  38  3:44  Liberator  
  38  3:47  Marine x2  
  43  3:49  Supply Depot  
  43  3:53  Siege Tank  
  46  4:08  Marine x2  
  48  4:20  Supply Depot  
  47  4:29  Siege Tank  
  48  4:32  Liberator  
  48  4:37  Marine x2  
  50  4:55  Marine x2  
  52  5:01  Siege Tank  
  54  5:12  Marine  
  54  5:13  Marine  
  50  5:30  Marine x2  
  50  5:33  Siege Tank  
  54  5:36  Liberator  
  51  5:48  Marine x2  
  48  6:05  Siege Tank  
  48  6:06  Marine x2  
  49  6:24  Marine x2  
  51  6:35  Command Center  
Show
View Real Time Build Order
Export as new Build Order

Astrea Protoss 

Build Orders: 1 Gate Expand, Phoenix Opening, Blink Stalkers 

Get SALT Encoding   

  12  0:00  Probe  
  13  0:12  Probe  
  14  0:17  Pylon  
  14  0:24  Probe (Chrono Boost)  
  15  0:36  Probe (Chrono Boost), Gateway  
  16  0:44  Probe (Chrono Boost)  
  16  0:45  Assimilator  
  17  0:51  Probe  
  18  1:03  Probe  
  19  1:15  Probe  
  20  1:20  Nexus  
  20  1:30  Cybernetics Core  
  20  1:34  Probe  
  20  1:39  Assimilator  
  21  1:46  Probe  
  22  1:49  Pylon  
  22  1:58  Probe  
  23  2:07  Sentry (Chrono Boost)  
  23  2:08  Warp Gate  
  25  2:10  Shield Battery, Probe  
  25  2:22  Probe  
  25  2:24  Stalker (Chrono Boost)  
  25  2:29  Phoenix  
  27  2:33  Probe  
  27  2:35  Probe  
  29  2:45  Probe  
  29  2:47  Probe  
  31  2:51  Stalker  
  31  2:57  Probe  
  34  2:59  Probe  
  35  3:09  Twilight Council  
  35  3:10  Probe  
  35  3:11  Probe  
  37  3:22  Probe  
  37  3:23  Probe  
  37  3:26  Gateway  
  39  3:32  Pylon  
  39  3:34  Probe  
  40  3:35  Probe  
  41  3:46  Probe  
  41  3:47  Probe  
  43  3:52  Robotics Facility  
  43  3:56  Stalker  
  43  3:57  Blink (Chrono Boost)  
  43  3:58  Probe  
  43  4:01  Probe  
  45  4:14  Pylon x2, Probe  
  46  4:18  Pylon  
  46  4:30  Cybernetics Core  
  46  4:32  Probe x2  
  48  4:40  Immortal (Chrono Boost)  
  48  4:42  Zealot  
  48  4:44  Probe x2  
  56  4:52  Zealot  
  58  4:56  Probe  
  58  4:57  Gateway x2  
  58  4:59  Probe  
  60  5:07  Stalker  
  60  5:11  Pylon  
  60  5:13  Assimilator x2, Shield Battery  
  52  5:23  Immortal (Chrono Boost)  
  52  5:28  Probe  
  51  5:30  Stalker  
  46  5:36  Probe  
  46  5:40  Probe  
  36  5:49  Probe  
  29  5:51  Stalker x2  
  29  5:53  Stalker  
  34  5:58  Probe  
  30  6:04  Shield Battery  
  30  6:08  Stalker  
  31  6:17  Zealot  
  30  6:23  Zealot  
  26  6:26  Stalker  
  26  6:34  Stalker  
  26  6:41  Stalker  
Tags
 
Add a new tag
Caveats
  • Supply blocks, unpowered buildings, or Contaminate may cause inaccurate times.
  • Supply counts are checked every 10 seconds.